General information
- name: BNet
- type: Ladder team game (AT/RT)
- host: Battle.net
- saver: TIMG4STRok
map: PhantomGrove
- players: 4
- length: 20:22
- speed: Fast
- version: 1.23 W3XP
- replay type:

» download(162 KB)
Players
team 1 (winner)

»
Rush[yyz] (
orange | 130 APM | 2646 actions | 20:19)
4 Archmage
2 Summon Water Elemental
2 Brilliance Aura
2 Mountain King
1 Storm Bolt
1 Bash
3 Paladin
2 Holy Light
1 Divine Shield
» actions
| Assign group hotkey | 75 | |
| Basic commands | 137 | |
| Build / train | 84 | |
| Enter build submenu | 30 | |
| Enter hero's abilities submenu | 9 | |
| Remove unit from queue | 2 | |
| Right click | 923 | |
| Select / deselect | 351 | |
| Select group hotkey | 955 | |
| Use ability | 80 | |
2646 total
» units
| Peasant | 14 | |
| Footman | 9 | |
| Rifleman | 10 | |
| Spell Breaker | 3 | |
| Mortar Team | 2 | |
| Knight | 5 | |
| Siege Engine | 3 | |
46 total
» upgrades
| Defend | 1 | |
| Masonry | 1 | |
| Gunpowder | 2 | |
| Long Rifles | 1 | |
| Animal War Training | 1 | |
| Barrage | 1 | |
| Lumber Harvesting | 1 | |
| Plating | 2 | |
10 total
» buildings
| Barracks | 2 | |
| Altar of Kings | 1 | |
| Farm | 13 | |
| Scout Tower | 5 | |
| Arcane Tower | 2 | |
| Lumber Mill | 1 | |
| Town Hall | 1 | |
| Guard Tower | 2 | |
| Blacksmith | 1 | |
| Keep | 1 | |
| Arcane Vault | 1 | |
| Castle | 1 | |
| Arcane Sanctum | 2 | |
| Workshop | 1 | |
34 total
» build order
00:11 Barracks
00:19 Altar of Kings
00:34 Farm
00:49 Farm
01:50 Farm
02:00 Scout Tower
02:27 Farm
02:29 Arcane Tower
03:22 Lumber Mill
03:39 Town Hall
03:46 Scout Tower
03:48 Scout Tower
04:27 Scout Tower
04:30 Scout Tower
04:32 Guard Tower
05:21 Guard Tower
05:23 Arcane Tower
05:52 Blacksmith
06:11 Farm
07:05 Keep
07:09 Barracks
07:32 Arcane Vault
09:08 Farm
09:09 Farm
09:10 Farm
09:53 Castle
10:43 Farm
10:49 Arcane Sanctum
10:50 Workshop
10:57 Farm
11:14 Arcane Sanctum
13:36 Farm
16:03 Farm
16:04 Farm
» items
| Scroll of Town Portal | 2 | |
| Healing Salve | 1 | |
| Scroll of Regeneration | 1 | |
| Scroll of Protection | 1 | |
| Scroll of Healing | 1 | |
| Potion of Lesser Invulnerability | 1 | |
7 total

»
TIMG4STRok (
pink | 220 APM | 4480 actions | 20:22)
3 Blademaster
2 Wind Walk
1 Critical Strike
3 Shadow Hunter
1 Hex
2 Healing Wave
» actions
| Assign group hotkey | 33 | |
| Basic commands | 73 | |
| Build / train | 56 | |
| ESC pressed | 2 | |
| Enter build submenu | 18 | |
| Enter hero's abilities submenu | 6 | |
| Give item / drop item | 2 | |
| Right click | 1836 | |
| Select / deselect | 333 | |
| Select group hotkey | 1978 | |
| Use ability | 143 | |
4480 total
» units
| Peon | 9 | |
| Grunt | 10 | |
| Raider | 6 | |
| Spirit Walker | 3 | |
| Troll Batrider | 5 | |
| Kodo Beast | 1 | |
34 total
» upgrades
| Berserker Strength | 1 | |
| Ensnare | 1 | |
| Pillage | 1 | |
| Spirit Walker Training | 2 | |
| Melee Weapons | 1 | |
6 total
» buildings
| Altar of Storms | 1 | |
| Orc Burrow | 8 | |
| Barracks | 1 | |
| War Mill | 1 | |
| Stronghold | 1 | |
| Voodoo Lounge | 1 | |
| Beastiary | 2 | |
| Spirit Lodge | 3 | |
| Great Hall | 1 | |
19 total
» build order
00:06 Altar of Storms
00:18 Orc Burrow
00:36 Barracks
01:32 Orc Burrow
02:57 War Mill
03:48 Stronghold
04:57 Voodoo Lounge
04:59 Orc Burrow
06:29 Beastiary
06:31 Spirit Lodge
07:24 Orc Burrow
09:15 Spirit Lodge
09:19 Spirit Lodge
10:00 Orc Burrow
10:07 Orc Burrow
12:43 Beastiary
14:32 Great Hall
16:12 Orc Burrow
17:11 Orc Burrow
» items
| Healing Salve | 3 | |
| Lesser Clarity Potion | 4 | |
7 total
team 2 (loser)
Deadman- (
teal | 114 APM | 2296 actions | 20:12)
5 Death Knight
3 Death Coil
2 Unholy Aura
3 Lich
1 Frost Nova
2 Dark Ritual
» actions
| Assign group hotkey | 52 | |
| Basic commands | 133 | |
| Build / train | 53 | |
| Enter build submenu | 14 | |
| Enter hero's abilities submenu | 8 | |
| Give item / drop item | 12 | |
| Remove unit from queue | 1 | |
| Right click | 953 | |
| Select / deselect | 330 | |
| Select group hotkey | 631 | |
| Use ability | 109 | |
2296 total
» units
| Acolyte | 3 | |
| Ghoul | 3 | |
| Crypt Fiend | 6 | |
| Obsidian Statue | 4 | |
| Frost Wyrm | 3 | |
19 total
» upgrades
| Backpack | 1 | |
| Creature Attack | 3 | |
| Burrow | 1 | |
| Destroyer Form | 1 | |
| Web | 1 | |
| Creature Carapace | 1 | |
8 total
» buildings
| Crypt | 1 | |
| Graveyard | 1 | |
| Altar of Darkness | 1 | |
| Ziggurat | 6 | |
| Tomb of Relics | 1 | |
| Nerubian Tower | 1 | |
| Halls of the Dead | 1 | |
| Black Citadel | 1 | |
| Slaughterhouse | 1 | |
| Sacrificial Pit | 1 | |
| Boneyard | 1 | |
16 total
» build order
00:07 Crypt
00:09 Graveyard
00:40 Altar of Darkness
00:56 Ziggurat
01:27 Tomb of Relics
01:59 Ziggurat
03:07 Nerubian Tower
04:32 Halls of the Dead
06:00 Ziggurat
07:07 Black Citadel
07:32 Slaughterhouse
08:00 Ziggurat
08:54 Ziggurat
08:59 Sacrificial Pit
09:58 Boneyard
13:01 Ziggurat
» items
| Rod of Necromancy | 3 | |
| Dust of Appearance | 1 | |
| Orb of Corruption | 1 | |
| Scroll of Town Portal | 3 | |
| Scroll of Healing | 1 | |
| Scroll of Protection | 2 | |
11 total
Mr.Bob (
green | 194 APM | 3951 actions | 20:18)
4 Demon Hunter
2 Mana Burn
2 Evasion
3 Beastmaster
1 Summon Quilbeast
2 Summon Hawk
» actions
| Assign group hotkey | 28 | |
| Basic commands | 243 | |
| Build / train | 98 | |
| Enter build submenu | 16 | |
| Enter hero's abilities submenu | 7 | |
| Give item / drop item | 4 | |
| Remove unit from queue | 3 | |
| Right click | 1248 | |
| Select / deselect | 655 | |
| Select group hotkey | 1512 | |
| Use ability | 136 | |
3951 total
» units
| Wisp | 38 | |
| Archer | 6 | |
| Dryad | 10 | |
| Huntress | 3 | |
| Druid of the Claw | 12 | |
69 total
» upgrades
| Improved Bows | 1 | |
| Druid of the Claw Training | 2 | |
| Abolish Magic | 1 | |
4 total
» buildings
| Altar of Elders | 1 | |
| Moon Well | 6 | |
| Ancient of War | 1 | |
| Tree of Ages | 1 | |
| Hunter's Hall | 1 | |
| Ancient of Lore | 3 | |
| Tree of Eternity | 2 | |
| Tree of Life | 2 | |
| Ancient of Wonders | 1 | |
18 total
» build order
00:08 Altar of Elders
00:21 Moon Well
00:34 Ancient of War
01:34 Moon Well
04:43 Tree of Ages
07:13 Hunter's Hall
09:04 Ancient of Lore
10:02 Ancient of Lore
10:15 Moon Well
10:18 Moon Well
10:37 Moon Well
12:47 Tree of Eternity
12:48 Tree of Eternity
13:15 Tree of Life
13:42 Tree of Life
14:09 Ancient of Lore
14:19 Ancient of Wonders
15:07 Moon Well
» items
| Boots of Speed | 1 | |
| Circlet of Nobility | 1 | |
| Staff of Teleportation | 1 | |
| Potion of Lesser Invulnerability | 1 | |
| Scroll of Town Portal | 1 | |
| Orb of Venom | 2 | |
7 total
Chat log
(00:04 / Allies) Rush[yyz]: vs ud ne
(00:51 / All) Deadman-: br0ther
(00:54 / All) TIMG4STRok: gl hf
(01:26 / Allies) Rush[yyz]: expo
(01:27 / Allies) Rush[yyz]: there
(01:32 / Allies) Rush[yyz]: i shall
(01:33 / Allies) TIMG4STRok: yes
(01:36 / Allies) Rush[yyz]: kk
(01:37 / Allies) TIMG4STRok: was abouit to say
(01:40 / Allies) TIMG4STRok: not me, you're the hu
(01:44 / Allies) Rush[yyz]: i wil
(01:45 / Allies) Rush[yyz]: lol
(01:52 / All) Deadman-: hey guys
(01:56 / All) Deadman-: its time to say i luv u
(02:01 / All) TIMG4STRok: good luck have fun
(02:15 / Allies) TIMG4STRok: is he ally afk or something
(02:36 / Allies) TIMG4STRok: nah
(02:38 / Allies) TIMG4STRok: garg feed
(02:39 / Allies) TIMG4STRok: tower
(02:47 / Allies) TIMG4STRok: i think
(02:49 / Allies) TIMG4STRok: scout again please
(03:46 / Allies) TIMG4STRok: oh
(04:02 / Allies) Rush[yyz]: lol
(04:08 / Allies) Rush[yyz]: they are just good..
(04:09 / Allies) TIMG4STRok: aow creep
(04:29 / Allies) TIMG4STRok: idk about that
(05:04 / Allies) TIMG4STRok: get his mine
(06:43 / Allies) TIMG4STRok: well
(06:44 / Allies) TIMG4STRok: gl
(06:46 / Allies) TIMG4STRok: hope you can carry
(06:52 / Allies) Rush[yyz]: y
(06:57 / Allies) TIMG4STRok: i lost about 15 grunts
(07:00 / Allies) TIMG4STRok: to level 3 dh with boots
(07:00 / Allies) Rush[yyz]: hm
(07:01 / Allies) Rush[yyz]: lol
(08:03 / Allies) TIMG4STRok: mh
(08:43 / Allies) TIMG4STRok: you got army yet
(08:47 / Allies) Rush[yyz]: nope
(08:58 / Allies) Rush[yyz]: no
(08:58 / Allies) Rush[yyz]: tp
(09:05 / Allies) Rush[yyz]: ;(
(10:05 / Allies) Rush[yyz]: wewt
(10:06 / Allies) Rush[yyz]: lol
(14:50 / Allies) TIMG4STRok: wanna hit elf
(15:00 / Allies) Rush[yyz]: ya
(17:55 / Allies) TIMG4STRok: B
(18:00 / Allies) TIMG4STRok: dont fihght in base
(18:04 / Allies) Rush[yyz]: k
(18:30 / Allies) TIMG4STRok: go
(18:56 / Allies) TIMG4STRok: b
(20:05 / All) Deadman-: bah
(20:07 / Allies) TIMG4STRok: light bm
(20:08 / All) Deadman-: so imbalance orc human
(20:09 / All) Deadman-: gg newbies
(20:16 / All) TIMG4STRok: lmao